 Dungeon Crawl Stone Soup version 0.29-a0-317-gd16b76e6b1 (webtiles) character file.

Game seed: 5426112216043157271

63421 Essalna the Destroyer (level 14, -3/107 HPs)
             Began as a Demonspawn Fire Elementalist on Mar 31, 2022.
             Was a High Priest of Hepliaklqana.
             Slain by a golden dragon simulacrum (7 damage)
             ... summoned by an orange crystal statue
             ... in an ice cave.
             The game lasted 01:02:57 (25835 turns).

Essalna the Destroyer (DsFE)                       Turns: 25835, Time: 01:02:58

Health: -3/107     AC: 15    Str:  8    XL:     14   Next: 68%
Magic:  0/47       EV: 14    Int: 25    God:    Hepliaklqana [*****.]
Gold:   1350       SH:  0    Dex: 13    Spells: 29/36 levels left

rFire   + + .      SeeInvis .   Q - staff of fire
rCold   + + .      Faith    .   (no shield)
rNeg    . . .      Spirit   .   Y - +0 troll leather armour
rPois   +          Reflect  .   X - +0 helmet
rElec   +          Harm     .   (no cloak)
rCorr   +          Rampage  .   y - -1 pair of gloves "Pafaef" {rC+ rCorr Int+2}
Will    +....                   h - +1 pair of boots
Stlth   +.........              S - amulet of regeneration
HPRegen 1.87/turn               E - ring of magical power
MPRegen 0.30/turn               A - ring of magical power

@: confused, resistant, studying Long Blades, invisible
A: reduced essence, rugged brown scales 2, icemail 1, condensation shield,
demonic magic 3, weakness stinger 1
a: Renounce Religion, Recall Ancestor, Ancestor Identity, Transference, Idealise


You were in an ice cave.
You worshipped Hepliaklqana.
Hepliaklqana was extremely pleased with you.
You visited 5 branches of the dungeon, and saw 22 of its levels.
You also visited: Sewer and Ice Cave.

You collected 1676 gold pieces.
You spent 326 gold pieces at shops.

Inventory:

Missiles
 H - 2 throwing nets
Armour
 f - a +0 troll leather armour
 h - a +1 pair of boots (worn)
 y - the -1 pair of gloves "Pafaef" (worn) {rC+ rCorr Int+2}
   (You bought it in a shop on level 4 of the Dungeon)

   Int:       It affects your intelligence (+2).
   rC:        It protects you from cold.
   rCorr:     It protects you from acid and corrosion.
 M - +0 acid dragon scales
 X - a +0 helmet (worn)
 Y - a +0 troll leather armour (worn)
Magical Staves
 Q - a staff of fire (weapon)
Jewellery
 a - a +4 ring of protection
 w - an amulet of reflection
 A - a ring of magical power (right hand)
 C - a +4 ring of evasion
 E - a ring of magical power (left hand)
 S - an amulet of regeneration (around neck)
 W - a ring of flight
Wands
 p - a wand of iceblast (30)
 z - a wand of digging (16)
 V - a wand of acid (3)
Scrolls
 d - 3 scrolls of fog
 i - a scroll of identify
 j - 3 scrolls of amnesia
 D - a scroll of silence
 G - 3 scrolls of teleportation
 N - 4 scrolls of enchant weapon
 T - 3 scrolls of vulnerability
 U - 2 scrolls of enchant armour
Potions
 b - 4 potions of magic
 c - 5 potions of heal wounds
 e - 6 potions of brilliance
 k - 3 potions of ambrosia
 l - 3 potions of degeneration
 n - 7 potions of attraction
 o - 9 potions of curing
 r - 3 potions of berserk rage
 t - a potion of flight
 u - 5 potions of mutation
 v - 3 potions of haste
 x - 2 potions of cancellation
 B - a potion of might
 F - 4 potions of lignification
 R - a potion of resistance


   Skills:
 + Level 11.3 Fighting
 - Level 7.0 Armour
 - Level 7.0 Dodging
 - Level 1.7 Stealth
 + Level 11.7 Spellcasting
 + Level 12.6 Conjurations
 + Level 11.9 Fire Magic


You had 29 spell levels left.
You knew the following spells:

 Your Spells              Type           Power      Damage    Failure   Level
a - Foxfire               Conj/Fire      100%       2x1d9     1%          1
b - Scorch                Fire           100%       2d10      1%          2
c - Flame Wave            Conj/Fire      85%        2d15      1%          4

Your spell library contained the following spells:

 Spells                   Type           Power      Damage    Failure   Level
 Static Discharge         Conj/Air       46%        N/A       1%          2
 Conjure Flame            Conj/Fire      85%        6-21      1%          3
 Inner Flame              Hex/Fire       61%        N/A       1%          3
 Sticky Flame             Conj/Fire      85%        2d10      1%          4
 Iskenderun's Battlesphe  Conj           67%        2d12      1%          5
 Animate Skeleton         Necr           28%        N/A       5%          1
 Pain                     Necr           56%        1d6       5%          1
 Blink                    Tloc           28%        N/A       9%          2
 Lightning Bolt           Conj/Air       23%        1d38      12%         5
 Vampiric Draining        Necr           14%        2d7       17%         3
 Airstrike                Air            7%         N/A       50%         4
 Dispel Undead            Necr           14%        3d10      50%         4
 Summon Lightning Spire   Summ/Air       14%        N/A       50%         4
 Iron Shot                Conj/Erth      23%        9d5       54%         6
 Manifold Assault         Tloc           14%        N/A       83%         5
 Spellforged Servitor     Conj/Summ      23%        N/A       98%         7
 Storm Form               Tmut/Air       7%         N/A       100%        7


Dungeon Overview and Level Annotations

Branches:
Dungeon (12/15)            Temple (1/1) D:5            Lair (6/6) D:10
 Shoals (1/4) Lair:3        Snake (0/4) Lair:4        Slime (0/5) Lair:6
    Orc (2/2) D:12            Elf (0/3) Orc:2         Sewer (visited)
  IceCv (1/1)

Altars:
Ashenzari
Cheibriados
Dithmenos
Elyvilon
Fedhas
Gozag
Hepliaklqana
Kikubaaqudgha
Makhleb
Nemelex Xobeh
Okawaru
Qazlal
Ru
Sif Muna
Trog
Uskayaw
Vehumet
Wu Jian
Xom
Yredelemnul
Zin
The Shining One
Beogh

Shops:
D:4 *   D:11 !   Orc:1 (   Orc:2 *[:(

Annotations:
D:5 1 runed translucent door, flt's ghost, novice TeDe
D:9 1 runed translucent door, Tagedieb's ghost, novice VSEn
D:10 exclusion: oklob plant
D:11 2 transporters, raistware's ghost, journeyman HuIE IceCv 1 transporter, exclusion: orange crystal statue


Innate Abilities, Weirdness & Mutations

Your life essence is reduced to manifest your ancestor. (-10% HP)
You are mostly covered in rugged brown scales. (AC +2, +5% HP)
A meltable icy envelope protects you from harm. (AC +4)
A meltable shield of frost defends you. (SH +4)
Spells you cast and wands you use may paralyse nearby enemies.
You have a small tail.


Message History

The golden dragon simulacrum suddenly stops moving!
The orange crystal statue glitters.
A wave of flame ripples out!
The flame wave engulfs the orange crystal statue.
The orange crystal statue resists.
The orange crystal statue is lightly damaged.
The flame wave engulfs the golden dragon simulacrum!
The golden dragon simulacrum melts!
The golden dragon simulacrum is almost destroyed.
The flame wave engulfs the seven-headed hydra simulacrum!!
The seven-headed hydra simulacrum melts!
The seven-headed hydra simulacrum is severely damaged.
Londisizwe avoids your attack.
The orange crystal statue glitters.
You are confused.
Londisizwe appears confused.
The seven-headed hydra simulacrum misses you.
The seven-headed hydra simulacrum closely misses you.
The seven-headed hydra simulacrum bites you but does no damage.
The seven-headed hydra simulacrum bites you.
The seven-headed hydra simulacrum freezes you!
You resist.
The seven-headed hydra simulacrum bites you but does no damage. x2
The seven-headed hydra simulacrum barely misses you.
The orange crystal statue fixes its piercing gaze on you.
You feel your power leaking away.
You barely miss the orange crystal statue.
Your tail-slap misses the orange crystal statue.
The orange crystal statue is lightly damaged.
The golden dragon simulacrum is no longer paralysed.
The golden dragon simulacrum bites you!
* * * LOW HITPOINT WARNING * * *
The golden dragon simulacrum freezes you!
You resist.
* * * LOW HITPOINT WARNING * * *
The golden dragon simulacrum claws you!
* * * LOW HITPOINT WARNING * * *
The golden dragon simulacrum freezes you!
You resist.
You die...

###############
#∩...(!8Z$...©#
#.....$Z@.....#
#8....R....8##
##8.......8##
##8..©..8##
###########
##...8©8...##
#...).©.....#
##....(.(....##
#......[......#


You could see the friendly Londisizwe the knight (confused), an orange crystal
statue, a seven-headed hydra simulacrum (summoned, can't see you) and a golden
dragon simulacrum (summoned, can't see you, ally target).

Vanquished Creatures
  An orc warlord (Orc:2)
  2 very ugly things (IceCv)
  2 hydras
  A catoblepas (Lair:6)
  2 two-headed ogres
  Erica (D:8)
  13 death yaks
  An orc high priest (Orc:2)
  Urug (Orc:1)
  An orc knight (Orc:1)
  3 orc sorcerers
  2 cyclopes
  A manticore (Lair:3)
  3 black mambas
  4 elephants (Lair:6)
  Maurice (D:8)
  Joseph (D:8)
  A gargoyle (D:7)
  10 cane toads
  3 rime drakes
  4 komodo dragons
  2 freezing wraiths (IceCv)
  3 polar bears
  4 trolls
  2 hornets
  Prince Ribbit (D:8)
  16 blink frogs
  A spriggan (Lair:3)
  A dire elephant simulacrum (IceCv)
  3 wyverns
  Eustachio (D:6)
  2 wraiths
  A vampire (D:12)
  4 basilisks
  11 yaks
  3 wargs (Orc:2)
  Edmund (D:6)
  A steam dragon (Lair:2)
  2 nagas (Lair:4)
  9 water moccasins
  2 acid dragons
  Pargi (Sewer)
  3 ice beasts
  3 black bears
  21 orc warriors
  4 alligator simulacra (IceCv)
  10 wolves
  8 ogres
  A phantom (D:5)
  5 kobold brigands
  3 necrophages
  2 scorpions
  17 bullfrogs
  A lindwurm simulacrum (IceCv)
  A howler monkey (D:11)
  4 jellies
  Crazy Yiuf (D:4)
  12 orc priests
  2 iguanas (D:4)
  2 hounds
  Jessica (D:2)
  22 orc wizards
  Terence (D:3)
  13 adders
  3 gnolls (D:3)
  A river rat (D:4)
  A shadow imp (D:8)
  2 white imps
  An ufetubus (D:4)
  7 worms
  3 dart slugs
  69 orcs
  13 bats
  8 endoplasms
  4 giant cockroaches
  10 goblins
  4 hobgoblins
  4 jackals (D:4)
  4 quokkas
  8 ball pythons
  2 frilled lizards (D:1)
  22 kobolds
  9 rats
441 creatures vanquished.

Vanquished Creatures (collateral kills)
  Gastronok (D:8)
  An orc warlord (Orc:1)
  A dire elephant (Lair:6)
  2 catoblepae
  A deep troll shaman (Lair:6)
  3 two-headed ogres
  2 orc high priests (Orc:2)
  2 death yaks (Lair:6)
  3 orc sorcerers (Orc:2)
  A cyclops (D:11)
  2 black mambas
  A torpor snail (Lair:3)
  2 cane toads
  8 komodo dragons
  An anaconda simulacrum (IceCv)
  A troll (D:10)
  A wind drake (Lair:3)
  6 blink frogs
  A wyvern (Lair:1)
  11 yaks
  3 basilisks
  2 wargs (Orc:2)
  An acid dragon (D:9)
  4 water moccasins
  11 orc warriors
  An ettin simulacrum (IceCv)
  A black bear (Lair:3)
  An ogre (Orc:1)
  4 wolves
  3 bullfrogs
  2 jellies (Lair:6)
  2 orc priests
  2 orc wizards
  5 orcs
  2 kobolds (D:9)
  62 foxfires
157 creatures vanquished.

Vanquished Creatures (others)
  8 knights
  An orc wizard (D:8)
  An ancestor (D:8)
  A bush (Lair:6)
  2354 foxfires
  80 fungi
  65 plants
  16 toadstools (D:10)
2526 creatures vanquished.

Grand Total: 3124 creatures vanquished

Notes
Turn   | Place    | Note
-------+----------+-------------------------------------------
     0 | D:1      | Essalna the Demonspawn Fire Elementalist began the quest
                  | for the Orb.
     0 | D:1      | Reached XP level 1. HP: 13/13 MP: 3/3
   294 | D:1      | Gained mutation: You are partially covered in rugged brown
                  | scales. (AC +1, +3% HP) [demonic ancestry]
   294 | D:1      | Reached XP level 2. HP: 8/19 MP: 0/5
  1226 | D:1      | Gained mutation: Spells you cast may paralyse adjacent
                  | enemies. [demonic ancestry]
  1226 | D:1      | Reached XP level 3. HP: 24/24 MP: 3/6
  1533 | D:2      | Reached skill level 2 in Conjurations
  1836 | D:2      | Noticed Jessica
  1845 | D:2      | Killed Jessica
  1846 | D:2      | Reached XP level 4. HP: 30/30 MP: 5/8
  2725 | D:3      | Reached XP level 5. HP: 36/36 MP: 5/9
  2731 | D:3      | Reached skill level 3 in Conjurations
  2806 | D:3      | Noticed Terence
  2814 | D:3      | Killed Terence
  2844 | D:3      | Learned a level 2 spell: Scorch
  3585 | D:4      | You fall into a shaft and drop 1 floor!
  3585 | D:5      | Entered Level 5 of the Dungeon
  3594 | D:5      | Noticed a phantom
  3597 | D:5      | Killed a phantom
  3598 | D:5      | Gained mutation: Spells you cast may paralyse nearby
                  | enemies. [demonic ancestry]
  3598 | D:5      | Reached XP level 6. HP: 31/42 MP: 4/11
  3928 | D:4      | Found a glowing drain.
  3935 | Sewer    | Entered a sewer
  4086 | Sewer    | Noticed Pargi
  4105 | Sewer    | Killed Pargi
  4106 | Sewer    | Reached skill level 4 in Conjurations
  4386 | D:4      | Gained mutation: A meltable shield of frost defends you.
                  | (SH +4) [demonic ancestry]
  4386 | D:4      | Reached XP level 7. HP: 43/47 MP: 4/13
  5081 | D:4      | Found Rugia's General Store.
  5398 | D:4      | Bought the -1 pair of gloves "Pafaef" {rC+ rCorr Int+2} for
                  | 326 gold pieces
  5837 | D:4      | Found a runed translucent door.
  5838 | D:4      | Noticed Crazy Yiuf
  5844 | D:4      | Killed Crazy Yiuf
  5977 | D:5      | Reached skill level 5 in Fire Magic
  6172 | D:5      | Found a staircase to the Ecumenical Temple.
  6180 | Temple   | Entered the Ecumenical Temple
  6403 | D:5      | Reached skill level 5 in Conjurations
  6638 | D:5      | Found a runed translucent door.
  6642 | D:5      | Noticed flt's ghost (novice TeDe)
  6919 | D:6      | Noticed Edmund
  6922 | D:6      | Noticed Eustachio
  7051 | D:6      | Reached skill level 5 in Spellcasting
  7245 | D:6      | Killed Eustachio
  7246 | D:6      | Reached XP level 8. HP: 53/53 MP: 9/15
  7593 | D:6      | Learned a level 4 spell: Flame Wave
  7671 | D:6      | Reached skill level 1 in Fighting
  7671 | D:6      | Reached skill level 6 in Conjurations
  7696 | D:6      | HP: 2/55 [poisoned by a water moccasin]
  7957 | D:6      | Killed Edmund
  8895 | D:7      | Gained mutation: Spells you cast and wands you use may
                  | paralyse nearby enemies. [demonic ancestry]
  8895 | D:7      | Reached XP level 9. HP: 64/64 MP: 18/18
  8971 | D:7      | Noticed a cyclops
  9077 | D:7      | Killed a cyclops
  9148 | D:7      | Found a sacrificial altar of Ru.
  9157 | D:7      | Found a broken altar of Ashenzari.
  9209 | D:7      | Reached skill level 7 in Conjurations
  9369 | D:7      | Found a hazy altar of Hepliaklqana.
  9404 | D:7      | Became a worshipper of Hepliaklqana the Forgotten
  9683 | D:7      | Noticed a gargoyle
  9694 | D:7      | Killed a gargoyle
 10322 | D:8      | Noticed Maurice
 10348 | D:8      | Reached * piety under Hepliaklqana
 10406 | D:8      | Noticed Joseph
 10457 | D:8      | Killed Joseph
 10536 | D:8      | Reached skill level 5 in Fighting
 10622 | D:8      | Gained mutation: You are mostly covered in rugged brown
                  | scales. (AC +2, +5% HP) [demonic ancestry]
 10622 | D:8      | Reached XP level 10. HP: 41/70 MP: 21/21
 10905 | D:8      | Reached skill level 8 in Conjurations
 11031 | D:8      | Noticed Prince Ribbit
 11036 | D:8      | Killed Prince Ribbit
 11058 | D:8      | Noticed Gastronok
 11059 | D:8      | Noticed Erica
 11072 | D:8      | Killed Erica
 11124 | D:8      | Killed Gastronok
 11322 | D:8      | Killed Maurice
 12000 | D:9      | Found a shimmering blue altar of Sif Muna.
 12233 | D:9      | Reached skill level 9 in Conjurations
 12427 | D:9      | Found a runed translucent door.
 12427 | D:9      | Found a shimmering altar of Xom.
 12427 | D:9      | Noticed a +1 trident of chaos
 12455 | D:9      | Reached ** piety under Hepliaklqana
 12456 | D:9      | Remembered your ancestor Londisizwe as a knight
 12575 | D:9      | Noticed Tagedieb's ghost (novice VSEn)
 12616 | D:10     | Entered Level 10 of the Dungeon
 13032 | D:10     | Reached XP level 11. HP: 78/78 MP: 23/23
 13067 | D:10     | Reached skill level 1 in Armour
 13376 | D:10     | Found a staircase to the Lair.
 13471 | D:10     | Found a blossoming altar of Fedhas.
 13496 | D:10     | Noticed an oklob plant
 13777 | Lair:1   | Entered Level 1 of the Lair of Beasts
 14510 | Lair:1   | Reached *** piety under Hepliaklqana
 15991 | Lair:3   | Noticed a catoblepas
 16002 | Lair:3   | Killed a catoblepas
 16003 | Lair:3   | Reached skill level 10 in Conjurations
 16003 | Lair:3   | Reached XP level 12. HP: 83/87 MP: 4/25
 16286 | Lair:3   | Reached **** piety under Hepliaklqana
 16419 | Lair:3   | Noticed a four-headed hydra
 16432 | Lair:3   | Killed a four-headed hydra
 16852 | Lair:3   | Found a staircase to the Shoals.
 17261 | Lair:3   | Reached skill level 5 in Dodging
 17420 | Lair:4   | Noticed a death yak
 17425 | Lair:4   | Noticed a death yak
 17426 | Lair:4   | Noticed a death yak
 17427 | Lair:4   | Noticed a death yak
 17428 | Lair:4   | Noticed a death yak
 17429 | Lair:4   | Noticed a death yak
 17430 | Lair:4   | Killed a death yak
 17431 | Lair:4   | Noticed a six-headed hydra
 17635 | Lair:4   | Reached skill level 10 in Fire Magic
 17655 | Lair:4   | Killed a six-headed hydra
 17662 | Lair:4   | Killed a death yak
 17678 | Lair:3   | Killed a death yak
 17679 | Lair:3   | Reached skill level 5 in Armour
 17703 | Lair:3   | Reached skill level 10 in Spellcasting
 18317 | Lair:4   | Found a staircase to the Snake Pit.
 18631 | Lair:4   | Killed a death yak
 18635 | Lair:4   | Killed a death yak
 18636 | Lair:4   | Gained mutation: A meltable icy envelope protects you from
                  | harm. (AC +4) [demonic ancestry]
 18636 | Lair:4   | Reached XP level 13. HP: 95/95 MP: 9/27
 18846 | Lair:5   | Reached ***** piety under Hepliaklqana
 19228 | Lair:5   | Reached skill level 11 in Conjurations
 19603 | Lair:6   | Entered Level 6 of the Lair of Beasts
 20371 | Lair:6   | Found a staircase to the Slime Pits.
 21270 | Lair:6   | Reached skill level 10 in Fighting
 21608 | Lair:6   | Noticed a dire elephant
 21619 | Lair:6   | Killed a dire elephant
 21630 | Lair:6   | Found the +8 whip "Snakebite" {venom, curare, rPois}
 21891 | D:11     | Gained mutation: You have a small tail. [demonic ancestry]
 21891 | D:11     | Reached XP level 14. HP: 104/104 MP: 28/28
 22213 | D:11     | Found a hide-covered altar of Uskayaw.
 22549 | D:11     | Found Sedghoi's Distillery.
 22560 | D:11     | Noticed raistware's ghost (journeyman HuIE)
 22561 | D:11     | Found a bloodstained altar of Trog.
 22568 | D:11     | Found a transporter.
 22576 | D:11     | Found a transporter.
 22879 | D:12     | Found a staircase to the Orcish Mines.
 22954 | Orc:1    | Entered Level 1 of the Orcish Mines
 23134 | Orc:1    | Noticed Urug
 23142 | Orc:1    | Killed Urug
 23143 | Orc:1    | Reached skill level 12 in Conjurations
 23223 | Orc:1    | Found Cyvaem's Weapon Shop.
 23326 | Orc:2    | Entered Level 2 of the Orcish Mines
 23541 | Orc:2    | Paralysed by an orc sorcerer for 4 turns
 23703 | Orc:2    | Found Umeamp's General Store.
 23781 | Orc:2    | Noticed an orc warlord
 24175 | Orc:2    | Noticed an orc warlord
 24301 | Orc:1    | Killed an orc warlord
 24589 | Orc:2    | Killed an orc warlord
 25158 | Orc:2    | Found a staircase to the Elven Halls.
 25224 | Orc:2    | Found Niov's Antique Weapon Shoppe.
 25336 | Orc:2    | Found Joxzesig's Antique Armour Boutique.
 25357 | Orc:2    | Found Agueb's Book Shop.
 25676 | Shoals:1 | Entered Level 1 of the Shoals
 25676 | Shoals:1 | Found a frozen archway.
 25683 | IceCv    | Entered an ice cave
 25683 | IceCv    | Noticed a white very ugly thing
 25702 | IceCv    | Killed a white very ugly thing
 25782 | IceCv    | Found a transporter.
 25786 | IceCv    | Noticed a white very ugly thing
 25789 | IceCv    | Found a transporter.
 25819 | IceCv    | Killed a white very ugly thing
 25822 | IceCv    | Identified the -4 pair of gloves of Lucidity {rElec rCorr}
 25835 | IceCv    | HP: 4/107 [golden dragon simulacrum[an orange crystal
                  | statue] (11)]
 25835 | IceCv    | Slain by a golden dragon simulacrum

Illustrated notes

Levels and vault maps discovered:
D:1:      psy_arrival_radial02, layout_basic
D:2:      layout_basic, uniq_jessica
D:3:      layout_rooms, serial_bayou_pond_c, minmay_bisected, uniq_terence
D:4:      wander_river, layout_layer_cave, serial_shops,
          nicolae_inconvenience_store, lightli_sewer_entry_pipes,
          uniq_crazy_yiuf_cottage
D:5:      layout_loops_ring, minmay_temple_entry_tees, ebering_ghost_inner_flame
D:6:      layout_basic, minmay_fractal_squares_diagonal_5, uniq_edmund,
          uniq_eustachio
D:7:      layout_gridville, mainiacjoe_overflow_concentric_impassable,
          mainiacjoe_overflow_swirl, grunt_ministairs_14
D:8:      layout_basic, enter_bailey_2, uniq_erica, uniq_joseph,
          uniq_prince_ribbit1, uniq_gastronok, uniq_maurice
D:9:      layout_loops_cross, tgw_sif, ebering_ghost_xom
D:10:     layout_loops_cross, tgw_fedhas, grunt_lair_entry_orc_guard_hut
D:11:     layout_long_grid, serial_shops, shop,
          gammafunk_ghost_wrathful_warriors, nicolae_uskayaw_dance_studio
D:12:     layout_stronghold, minmay_orc_entry_temple_small, st_stairs_12
Temple:   bh_familiar_temple
Lair:1:   layout_gridlike
Lair:2:   layout_regular_city, grunt_megastairs_4, infiniplex_staircase_pool_2
Lair:3:   layout_regular_city, minmay_shoals_entry_beasts,
          grunt_forest_stairs_clearing
Lair:4:   hellmonk_ruined_rings, layout_misc_corridors,
          minmay_snake_entry_guardpost_small
Lair:5:   layout_loops_ring
Lair:6:   grunt_lair_end_beastmaster, layout_loops_ring,
          nicolae_slime_entry_slimehenge
Shoals:1: layout_shoals, portal_ice_cave_entry_pillars_1
Orc:1:    layout_caves, serial_shops, nicolae_shop_window_shopping, uniq_urug
Orc:2:    grunt_orc_gardens, layout_caves, grunt_orc_garden, grunt_orc_garden,
          grunt_orc_garden, grunt_orc_garden
IceCv:    ice_cave_statue_garden_transporter

Skill      XL: |  1  2  3  4  5  6  7  8  9 10 11 12 13 14 |
---------------+-------------------------------------------+-----
Fire Magic     | 3 4 5 6 7 8 9 10 11 | 11.9
Conjurations   | 2 3 4 5 6 7 9 10 11 12 | 12.6
Spellcasting   | 3 4 5 6 7 8 9 10 11 | 11.7
Fighting       | 3 5 6 8 9 10 11 | 11.3
Dodging        | 2 4 5 7 |  7.0
Armour         | 3 5 6 7 |  7.0
Stealth        | |  1.7

Action                   |  1- 3 |  4- 6 |  7- 9 | 10-12 | 13-15 || total
-------------------------+-------+-------+-------+-------+-------++-------
Melee: Unarmed           |     4 |       |     2 |       |       ||     6
       Dagger            |    29 |    19 |    99 |     9 |       ||   156
       Punch             |       |     1 |     1 |       |       ||     2
       Staff             |       |       |       |     2 |    14 ||    16
       Tailslap          |       |       |       |       |     1 ||     1
 Cast: Foxfire           |    72 |   164 |   201 |   555 |   378 ||  1370
       Scorch            |       |     7 |    55 |   108 |   162 ||   332
       Flame Wave        |       |       |       |     9 |    43 ||    52
Invok: Ancestor Life: Kn |       |       |       |     1 |       ||     1
       Recall Ancestor   |       |       |       |       |     4 ||     4
       Idealise          |       |       |       |       |     1 ||     1
Evoke: Wand              |       |       |       |     5 |       ||     5
  Use: Potion            |     1 |       |     3 |       |     3 ||     7
       Scroll            |       |     6 |     7 |       |    16 ||    29
 Stab: Paralysed         |     1 |     3 |    26 |     4 |     2 ||    36
       Sleeping          |       |       |     2 |       |       ||     2
Armor: Robe              |    15 |     7 |     5 |       |       ||    27
       Acid dragon scale |       |       |       |    23 |    34 ||    57
       Troll leather arm |       |       |       |       |    31 ||    31
Dodge: Dodged            |    30 |    10 |    39 |    53 |    98 ||   230
Block: Other             |       |       |    19 |    18 |    23 ||    60
       Reflection        |       |       |       |     5 |       ||     5

Table legend: (Time is in decaauts)
 A = Elapsed time spent in this place.
 B = Non-inter-level travel time spent in this place.
 C = Inter-level travel time spent in this place.
 D = Time resting spent in this place.
 E = Time spent auto-exploring this place.
 F = Levels seen in this place.
 G = Mean time per level.
                   A        B        C        D        E       F      G
               +--------+--------+--------+--------+--------+-----+--------+
         Total |  25948 |  23509 |   2439 |    416 |  19274 |  24 | 1081.2 |
       Dungeon |  14521 |  12933 |   1588 |    289 |  10687 |  12 | 1210.1 |
        Temple |    188 |    164 |     24 |      0 |    158 |   1 |  188.0 |
          Lair |   8148 |   7732 |    416 |     98 |   6380 |   6 | 1358.0 |
        Shoals |      6 |      1 |      5 |      0 |      0 |   1 |    6.0 |
  Orcish Mines |   2649 |   2243 |    406 |     29 |   1747 |   2 | 1324.5 |
         Sewer |    277 |    277 |      0 |      0 |    220 |   1 |  277.0 |
      Ice Cave |    155 |    155 |      0 |      0 |     81 |   1 |  155.0 |
               +--------+--------+--------+--------+--------+-----+--------+

Top non-repeatable levels by time:
     D:4: 2083 daAuts
  Lair:6: 1998 daAuts
  Lair:3: 1997 daAuts
     D:6: 1697 daAuts
   Orc:1: 1569 daAuts
     D:8: 1550 daAuts
     D:1: 1443 daAuts
     D:2: 1262 daAuts
     D:7: 1258 daAuts
    D:10: 1204 daAuts
  Lair:2: 1175 daAuts
     D:5: 1166 daAuts
   Orc:2: 1079 daAuts
  Lair:4: 1078 daAuts
  Lair:5: 980 daAuts
